 Dungeon Crawl Stone Soup version 0.19-a0-957-gf4ea323 (webtiles) character file.

111 Implojin the Ruffian (level 4, -3/44 HPs)
             Began as a Troll Fighter on July 11, 2016.
             Killed by nerve-wracking pain
             ... invoked by an orc priest
              (10 damage)
             ... on level 5 of the Dungeon.
             The game lasted 00:02:18 (338 turns).

Implojin the Ruffian (Troll Fighter)                 Turns: 338, Time: 00:02:19

Health: -3/44      AC:  5    Str: 29    XL:     4   Next: 62%
Magic:  3/3        EV:  8    Int:  4    God:
Gold:   0          SH:  9    Dex: 10    Spells: 0 memorised, 3 levels left

rFire  . . .     SeeInvis .       - Unarmed
rCold  . . .     Gourm    +     a - +0 robe
rNeg   . . .     Faith    .     b - +0 shield
rPois  .         Spirit   .     (helmet restricted)
rElec  .         Dismiss  .     (no cloak)
rCorr  .         Reflect  .     (gloves unavailable)
SustAt .         Harm     .     (boots unavailable)
MR     .....                    (no amulet)
Stlth  +.........               (no ring)
                                (no ring)

@: mighty, not resistant to hostile enchantments, very unstealthy
A: unfitting armour, claws 3, fast metabolism 3, gourmand, regeneration 2,
shaggy fur 1, tough skin 2
a: no special abilities


You were on level 5 of the Dungeon.
You were not hungry.

You visited 1 branch of the dungeon, and saw 5 of its levels.

Inventory:

Armour
 a - a +0 robe (worn)
 b - a +0 shield (worn)
Scrolls
 e - 2 scrolls of noise {unknown}
Potions
 i - a potion of brilliance {unknown}
Comestibles
 d - 3 bread rations
 f - 2 meat rations
 g - a slice of pizza
 h - a beef jerky


   Skills:
 - Level 2.4 Fighting
 - Level 2.4 Dodging
 - Level 2.4 Shields
 * Level 4.9 Unarmed Combat


You had 3 spell levels left.
You didn't know any spells.

Dungeon Overview and Level Annotations

Branches:
Dungeon (5/15)
 Temple: D:4-7

Altars:

Annotations:
D:3 derpindaisy's ghost, weakling DEIE


Innate Abilities, Weirdness & Mutations

You are too large for most types of armour.
You have claws for hands.
Your metabolism is lightning-fast.
You like to eat raw meat.
You heal very quickly.
You are covered in fur. (AC +1)
You have very tough skin. (AC +2)


Message History

You see here an arrow.
Okay, then.
Okay, then.
The centaur shoots an arrow.
You block the arrow.
You see here an arrow.
The centaur shoots an arrow.
The arrow completely misses you.
The centaur shoots an arrow.
The arrow hits you but does no damage.
You see here 2 arrows.
The centaur shoots an arrow.
You block the arrow.
You see here an arrow.
The centaur shoots an arrow.
You block the arrow.
You see here an arrow.
You block the centaur's attack.
You claw the centaur!
The centaur is moderately wounded.
You block the centaur's attack.
Your shield prevents you from hitting the centaur.
The centaur is moderately wounded.
The centaur hits you with an enchanted shortbow.
* * * LOW HITPOINT WARNING * * *
Unknown command.
You claw the centaur!
The centaur is severely wounded.
The centaur hits you with an enchanted shortbow!
* * * LOW HITPOINT WARNING * * *
The centaur hits you but does no damage.
Unknown command.
You claw the centaur!
You kill the centaur!
Your Unarmed Combat skill increases to level 4!
You have reached level 4!
An orc priest comes into view. It is wielding a hand axe.
The orc priest shouts!
Things that are here:
an enchanted shortbow; 7 arrows Unknown command.
You feel very mighty all of a sudden.
The orc priest calls down the wrath of Beogh upon you.
Pain shoots through your body!
You die... ################## #<.......(((((.@.# ################o# .# .# .# .# .. ..

You could see an orc priest.

Vanquished Creatures
  A centaur (D:5)
  An adder (D:4)
  A dart slug (D:1)
  A giant gecko (D:4)
  3 goblins
  4 hobgoblins (D:1)
  A kobold (D:1)
  2 giant newts
  2 rats
16 creatures vanquished.

Notes
Turn   | Place    | Note
-------+----------+-------------------------------------------
     0 | D:1      | Implojin the Troll Fighter began the quest for the Orb.
     0 | D:1      | Reached XP level 1. HP: 22/22 MP: 0/0
   128 | D:1      | Reached XP level 2. HP: 29/29 MP: 1/1
   225 | D:3      | Reached skill level 3 in Unarmed Combat
   246 | D:3      | Noticed derpindaisy's ghost (weakling DEIE)
   306 | D:4      | Reached XP level 3. HP: 13/36 MP: 2/2
   313 | D:5      | Entered Level 5 of the Dungeon
   322 | D:5      | Noticed a centaur
   331 | D:5      | Killed a centaur
   331 | D:5      | Reached skill level 4 in Unarmed Combat
   331 | D:5      | Reached XP level 4. HP: 3/44 MP: 3/3
   338 | D:5      | Killed from afar by an orc priest

Vault maps used:
D:1:      dpeg_arrival_brainrot
D:2:      uniq_iyjb
D:3:      grunt_temple_overflow_open, first_bread, serial_park_tiny_1,
          uniq_robin
D:4:      portal_sewer_entry_a
D:5:      kennysheep_little_box

Skill      XL: |  1  2  3 |
---------------+----------+-----
Unarmed Combat | 3 4 |  4.9
Fighting       | |  2.4
Dodging        | |  2.4
Shields        | |  2.4

Action                   |  1- 3 |  4- 6 || total
-------------------------+-------+-------++-------
Melee: Unarmed           |    56 |       ||    56
  Use: Potion            |       |     1 ||     1
  Eat: Chunk             |     1 |       ||     1
Armor: Robe              |    13 |       ||    13
Dodge: Dodged            |    11 |       ||    11
Block: Shield            |    32 |       ||    32

Table legend:
 A = Turns spent in this place as a percentage of turns spent in the entire game.
 B = Non-inter-level travel turns spent in this place as a percentage of non-inter-level travel turns spent in the entire game.
 C = Inter-level travel turns spent in this place as a percentage of turns spent in this place.
 D = Turns resting spent in this place as a percentage of non-inter-level travel turns spent in this place.
 E = Turns spent auto-exploring this place as a percentage of non-inter-level travel turns spent in this place.
 F = Non-inter-level travel turns spent in this place divided by the number of levels of this place that you've seen.
                   A       B       C       D       E      F
               +-------+-------+-------+-------+-------+----------------------
         Total | 100.0 | 100.0 |   0.0 |   0.0 |   0.0 |  67.8
       Dungeon | 100.0 | 100.0 |   0.0 |   0.0 |   0.0 |  67.8
               +-------+-------+-------+-------+-------+----------------------

Table legend:
 A = Kills in this place as a percentage of kills in entire the game.
 B = Kills by you in this place as a percentage of kills by you in the entire game.
 C = Kills by friends in this place as a percentage of kills by friends in the entire game.
 D = Other kills in this place as a percentage of other kills in the entire game.
 E = Experience gained in this place as a percentage of experience gained in the entire game.
 F = Experience gained in this place divided by the number of levels of this place that you have seen.
                   A       B       C       D       E      F
               +-------+-------+-------+-------+-------+----------------------
         Total | 100.0 | 100.0 |  -nan |  -nan | 100.0 |  31.8
       Dungeon | 100.0 | 100.0 |  -nan |  -nan | 100.0 |  31.8
               +-------+-------+-------+-------+-------+----------------------
